 Dungeon Crawl Stone Soup version 0.24-a0-779-g36f0aeb (webtiles) character file.

Game seed: 8472290920582042582, levelgen mode: deterministic

4262 2tousent the Covert (level 10, -7/70 HPs)
             Began as a Formicid Fighter on Oct 7, 2019.
             Was a Follower of Uskayaw.
             Mangled by a yak (9 damage)
             ... on level 9 of the Dungeon on Oct 8, 2019.
             The game lasted 00:30:26 (7672 turns).

2tousent the Covert (Formicid Fighter)              Turns: 7672, Time: 00:30:26

Health: -7/70      AC: 18    Str: 18 (21) XL:     10   Next: 56%
Magic:  3/15       EV:  3    Int: 12 (13) God:    Uskayaw [*.....]
Gold:   333        SH: 10    Dex: 12 (13) Spells: 9/9 levels left

rFire    + . .     SeeInvis +   s - +3 short sword
rCold    + . .     Gourm    .   c - +1 shield
rNeg     . . .     Faith    .   r - +3 plate armour
rPois    +         Spirit   .   (helmet unavailable)
rElec    +         Reflect  .   K - +0 cloak
rCorr    +         Harm     .   (no gloves)
MR       ++...                  (no boots)
Stlth    ..........             (no amulet)
HPRegen  0.21/turn              p - +3 ring of protection
MPRegen  0.14/turn              v - ring of protection from magic

@: brilliant, resistant, starving
A: permanent stasis, dig shafts and tunnels, four strong arms, antennae 3
a: Dig, Shaft Self, Stomp, Renounce Religion


You were on level 9 of the Dungeon.
You worshipped Uskayaw.
Uskayaw was noncommittal.
You were starving.

You visited 2 branches of the dungeon, and saw 10 of its levels.
You also visited: Ossuary.

You collected 333 gold pieces.

Inventory:

Hand Weapons
 a - a +0 rapier
 s - a +3 short sword (weapon)
Armour
 b - a +0 scale mail
 c - a +1 shield (worn)
 m - a +2 ring mail of cold resistance
 r - a +3 plate armour (worn)
 K - a +0 cloak (worn)
Jewellery
 e - an uncursed amulet of harm
 g - an uncursed ring of fire
 p - a +3 ring of protection (left hand)
 v - a ring of protection from magic (right hand)
 w - a -3 ring of evasion
 x - an uncursed ring of protection from fire
 L - an uncursed ring of protection from magic
Wands
 l - a wand of random effects (17)
Scrolls
 i - 13 scrolls of remove curse
 j - 2 scrolls of fog
 k - 4 scrolls of teleportation
 n - a scroll of enchant armour
 y - a scroll of torment {unknown}
 D - 4 scrolls of identify
 F - 2 scrolls of immolation {unknown}
 H - a scroll of magic mapping
 I - 2 scrolls of summoning {unknown}
 J - a scroll of brand weapon {unknown}
Potions
 h - 4 potions of haste
 o - a potion of curing
 q - 6 potions of mutation
 t - a potion of lignification
 z - a potion of cancellation
 B - 4 potions of degeneration
 C - a potion of flight {unknown}
 E - a potion of ambrosia {unknown}
 G - a potion of brilliance
Comestibles
 f - 8 rations


   Skills:
 - Level 3.2 Fighting
 * Level 9.6 Short Blades
 - Level 3.2 Armour
 * Level 11.9 Stealth
 - Level 3.6 Shields
 * Level 7.3 Invocations


You had 9 spell levels left.
You didn't know any spells.
Your spell library was empty.

Dungeon Overview and Level Annotations

Branches:
Dungeon (9/15)             Temple (1/1) D:4         Ossuary (visited)
   Lair: D:8-11         Orc: D:9-12

Altars:
Ashenzari
Dithmenos
Fedhas
Hepliaklqana
Kikubaaqudgha
Makhleb
Qazlal
Ru
Uskayaw
Vehumet
Wu Jian
Xom
Yredelemnul
Zin
The Shining One

Annotations:
D:7 3 runed translucent doors, Geeful's ghost, novice OpFi
D:8 Psyche


Innate Abilities, Weirdness & Mutations

You cannot be hasted, slowed, berserked, paralysed or teleported.
You can dig through walls and to a lower floor.
Your four strong arms can wield two-handed weapons with a shield.
You have a pair of large antennae on your head. (SInv)


Message History

There was something very wrong with that liquid.
You feel weakened.
You feel dopey.
You feel clumsy.
The bullfrog hits you but does no damage.
You block the yak's attack.
The hippogriff bites you but does no damage.
You block the hippogriff's attack.
The hippogriff claws you but does no damage.
The bullfrog barely misses you.
It was a potion of brilliance.
You feel clever all of a sudden. The yak gores you but does no damage.
You block the hippogriff's attack.
The hippogriff pecks you but does no damage.
The hippogriff claws you.
* * * LOW HITPOINT WARNING * * *
The bullfrog hits you but does no damage.
It was a potion of resistance.
You feel protected.
The bullfrog hits you but does no damage.
The yak gores you!
You die...

...... ....
......# ##..P P
.......#........P.
...........P....PP
#........#..PPP.P
#.........P..PPPP
.#.....FY.?.....P.
.......@†....PP..P
..(.....H=....P.P.
##......))......PP
#.......).)....P.P
#.......))....P..P
.....#............
...####<.....#....
### ####...##.P.
##..# ###


You could see a hippogriff, a yak and a bullfrog.

Vanquished Creatures
  Harold (D:8)
  Joseph (D:8)
  Menkaure (D:7)
  Edmund (D:4)
  A porcupine (D:9)
  3 black bears
  2 ice beasts
  2 sky beasts (D:6)
  A phantom (D:8)
  4 ogres
  2 centaurs
  A crocodile (D:9)
  2 bullfrogs
  2 scorpions
  9 wights
  A howler monkey (D:5)
  4 crimson imps
  A human zombie (Ossuary)
  3 hounds
  4 orc wizards
  Jessica (D:3)
  3 iguanas
  5 worker ants
  6 mummies
  4 gnolls
  6 adders
  4 shadow imps
  An adder zombie (D:6)
  An ooze (D:2)
  3 adder skeletons
  A worm (D:5)
  7 leopard geckos
  28 orcs
  3 bats
  11 giant cockroaches
  4 goblins
  10 hobgoblins
  15 jackals
  10 kobolds
  2 quokkas
  7 frilled lizards
  3 goblin zombies (Ossuary)
  3 hobgoblin zombies (Ossuary)
  2 kobold zombies
  2 leopard gecko skeletons
  2 leopard gecko zombies
  An orc zombie (D:7)
  A quokka skeleton (D:4)
  12 rats
204 creatures vanquished.

Vanquished Creatures (others)
  6 fungi (D:9)
  5 plants (D:9)
11 creatures vanquished.

Grand Total: 215 creatures vanquished

Notes
Turn   | Place    | Note
-------+----------+-------------------------------------------
     0 | D:1      | 2tousent the Formicid Fighter began the quest for the Orb.
     0 | D:1      | Reached XP level 1. HP: 18/18 MP: 1/1
   168 | D:1      | Reached skill level 1 in Stealth
   284 | D:1      | Reached XP level 2. HP: 24/24 MP: 2/2
   578 | D:1      | Reached skill level 2 in Stealth
   578 | D:1      | Reached XP level 3. HP: 25/29 MP: 3/3
   948 | D:2      | Reached XP level 4. HP: 35/35 MP: 4/4
   952 | D:2      | Reached skill level 3 in Stealth
  1417 | D:3      | Noticed Jessica
  1437 | D:3      | Killed Jessica
  1437 | D:3      | Reached XP level 5. HP: 38/41 MP: 5/5
  1438 | D:3      | Reached skill level 4 in Stealth
  1781 | D:3      | Found an ornate altar of the Wu Jian Council.
  1809 | D:3      | Reached XP level 6. HP: 47/47 MP: 6/6
  2114 | D:4      | Reached skill level 5 in Stealth
  2233 | D:4      | Noticed Edmund
  2284 | D:4      | Killed Edmund
  2284 | D:4      | Reached skill level 5 in Short Blades
  2284 | D:4      | Reached skill level 6 in Stealth
  2284 | D:4      | Reached XP level 7. HP: 20/52 MP: 7/7
  2690 | D:4      | Found a staircase to the Ecumenical Temple.
  2723 | Temple   | Entered the Ecumenical Temple
  2745 | Temple   | Became a worshipper of Uskayaw the Reveler
  2886 | D:5      | Entered Level 5 of the Dungeon
  2913 | D:5      | Reached * piety under Uskayaw
  2929 | D:5      | Reached ** piety under Uskayaw
  3090 | D:5      | Reached *** piety under Uskayaw
  3091 | D:5      | Reached skill level 7 in Stealth
  3201 | D:5      | Reached **** piety under Uskayaw
  3490 | D:5      | Found a sacrificial altar of Ru.
  3837 | D:5      | Reached XP level 8. HP: 58/58 MP: 8/8
  4131 | D:6      | Reached skill level 8 in Stealth
  4260 | D:6      | Reached skill level 9 in Stealth
  4262 | D:6      | Reached ***** piety under Uskayaw
  4401 | D:6      | Reached skill level 1 in Invocations
  4413 | D:6      | Reached XP level 9. HP: 45/64 MP: 3/10
  5427 | D:7      | Found a sand-covered staircase.
  5439 | Ossuary  | Entered an ossuary
  5567 | Ossuary  | Reached skill level 10 in Stealth
  5724 | D:7      | Found a runed translucent gate.
  5725 | D:7      | Found a runed translucent gate.
  5725 | D:7      | Found a runed translucent gate.
  5725 | D:7      | Noticed a hippogriff
  5726 | D:7      | Noticed a centaur warrior
  5726 | D:7      | Noticed Geeful's ghost (novice OpFi)
  5761 | D:7      | Noticed Menkaure
  5772 | D:7      | Killed Menkaure
  6385 | D:8      | Noticed Harold
  6703 | D:8      | Killed Harold
  6703 | D:8      | Reached skill level 11 in Stealth
  6703 | D:8      | Reached skill level 5 in Invocations
  6703 | D:8      | Reached XP level 10. HP: 29/70 MP: 7/14
  7247 | D:8      | Noticed Joseph
  7285 | D:8      | Killed Joseph
  7483 | D:8      | Found a glowing golden altar of the Shining One.
  7492 | D:8      | Found a radiant altar of Vehumet.
  7494 | D:8      | Found a blossoming altar of Fedhas.
  7494 | D:8      | Found a hazy altar of Hepliaklqana.
  7603 | D:8      | Noticed Psyche
  7668 | D:9      | HP: 5/105 [hippogriff (5)]
  7671 | D:9      | HP: 2/70 [hippogriff (2)]
  7672 | D:9      | Mangled by a yak

Levels and vault maps discovered:
D:1:      mrwooster_arrival_statue_3, layout_loops_ring, chequers_mini_garden
D:2:      layout_loops_ring, first_ration
D:3:      layout_basic, lemuel_doored_altar, uniq_crazy_yiuf_cottage,
          uniq_jessica
D:4:      layout_rooms, lemuel_temple_firewalk_a, chequers_garden, uniq_edmund
D:5:      layout_layer_cave, basic_altar
D:6:      layout_cave_pools
D:7:      minmay_slanted_spiral_squares, layout_basic,
          nicolae_ossuary_entry_giza, gammafunk_ghost_split, uniq_menkaure
D:8:      layout_layer_cave, marbit_many_paths, grunt_temple_overflow_open,
          kb_lookout_dungeons_type, uniq_joseph, uniq_harold, uniq_psyche
D:9:      layout_cave_pools, kennysheep_little_box, due_lair_maze_entry_diamond
Temple:   eino_wide_crystal_templ

Skill      XL: |  1  2  3  4  5  6  7  8  9 10 |
---------------+-------------------------------+-----
Stealth        | 1 2 3 4 6 7 9 11 | 11.9
Short Blades   | 3 4 5 6 7 8 9 |  9.6
Invocations    | 2 5 7 |  7.3
Fighting       | |  3.2
Armour         | |  3.2
Shields        | |  3.6

Action                   |  1- 3 |  4- 6 |  7- 9 | 10-12 || total
-------------------------+-------+-------+-------+-------++-------
Melee: Rapier            |    95 |    10 |       |       ||   105
       Short sword       |       |   294 |   478 |   211 ||   983
Invok: Line Pass         |       |       |     6 |     3 ||     9
       Stomp             |       |       |    12 |     4 ||    16
Evoke: Wand              |       |       |       |     1 ||     1
  Use: Scroll            |       |     9 |     4 |       ||    13
       Potion            |       |       |     3 |     8 ||    11
 Stab: Paralysed         |       |       |     6 |     5 ||    11
       Confused          |       |       |     2 |       ||     2
  Eat: Chunk             |       |     5 |    14 |       ||    19
       Ration            |       |       |     1 |     1 ||     2
Armor: Scale mail        |    37 |     1 |       |       ||    38
       Plate armour      |       |   177 |   178 |    93 ||   448
       Skin              |       |       |    10 |    29 ||    39
Dodge: Dodged            |    18 |    24 |    61 |    28 ||   131
Block: Shield            |    38 |   121 |   177 |   112 ||   448

Table legend:
 A = Non-vault XP
 B = Vault XP
 C = Vault XP percentage of total XP
 D = Non-vault monster count
 E = Vault monster count
 F = Vault count percentage of total count
                 A         B        C        D         E       F
            +---------+---------+-------+---------+---------+-------
      Total |    3301 |    2788 |  45.8 |     174 |      30 |  14.7
            +---------+---------+-------+---------+---------+-------
        D:1 |      34 |       0 |   0.0 |      14 |       0 |   0.0
        D:2 |      54 |       0 |   0.0 |      29 |       0 |   0.0
        D:3 |     164 |      37 |  18.4 |      46 |       1 |   2.1
        D:4 |     132 |     158 |  54.5 |      12 |       1 |   7.7
        D:5 |     445 |       0 |   0.0 |      14 |       0 |   0.0
        D:6 |    1087 |       0 |   0.0 |      23 |       0 |   0.0
        D:7 |     443 |     457 |  50.8 |      11 |       9 |  45.0
        D:8 |     811 |    1509 |  65.0 |      15 |       2 |  11.8
        D:9 |     131 |     486 |  78.8 |      10 |       4 |  28.6
    Ossuary |       0 |     141 | 100.0 |       0 |      13 | 100.0
            +---------+---------+-------+---------+---------+-------
